 Dungeon Crawl Stone Soup version 0.27.1-33-g824d729ab1 (webtiles) character file.

Game seed: 16935323178680762852

28168 pkoi the Brawler (level 13, -10/106 HPs)
             Began as a Red Draconian Gladiator on Dec 8, 2021.
             Was a High Priest of Okawaru.
             Mangled by a cane toad (17 damage)
             ... on level 5 of the Lair of Beasts.
             The game lasted 00:35:49 (23218 turns).

pkoi the Brawler (Red Draconian Gladiator)         Turns: 23218, Time: 00:35:50

Health: -10/106    AC: 13    Str: 17    XL:     13   Next: 8%
Magic:  16/18      EV: 17    Int: 14    God:    Okawaru [*****.]
Gold:   635        SH:  5    Dex: 12    Spells: 8/16 levels left

rFire    + . .     SeeInvis .     - Unarmed
rCold    + . .     Faith    .   (no shield)
rNeg     . . .     Spirit   .   (armour unavailable)
rPois    .         Reflect  +   (helmet currently unavailable)
rElec    .         Harm     .   g - +0 cloak
rCorr    .         Rampage  .   (no gloves)
Will     .....                  (boots currently unavailable)
Stlth    +++.......             y - amulet of reflection
HPRegen  0.27/turn              c - +4 ring of protection
MPRegen  0.16/turn              A - ring of protection from cold

@: lethally poisoned (-10 -> -38), about to teleport, short of breath,
appendages, heroic
A: horns 2, talons 2, breathe fire, AC +8, unfitting armour, fire resistance 1,
cold-blooded
a: Breathe Fire, End Transformation, Renounce Religion, Heroism, Finesse


You were on level 5 of the Lair of Beasts.
You worshipped Okawaru.
Okawaru was extremely pleased with you.
You had temporarily grown beastly horns and talons.
You visited 3 branches of the dungeon, and saw 16 of its levels.
You also visited: Ossuary.

You collected 789 gold pieces.
You spent 154 gold pieces at shops.

Inventory:

Hand Weapons
 h - a +4 short sword of venom
Missiles
 j - 6 atropa-tipped darts
 q - 3 throwing nets
 z - a curare-tipped dart
Armour
 g - a +0 cloak (worn)
 J - a +2 hat of willpower (melded)
Jewellery
 b - a ring of protection from cold
 c - a +4 ring of protection (left hand)
 n - a ring of wizardry
 y - an amulet of reflection (around neck)
 A - a ring of protection from cold (right hand)
 B - a ring of fire
 F - a ring of willpower
 G - an amulet of the acrobat
Wands
 t - a wand of polymorph (12)
 u - a wand of iceblast (48)
 w - a wand of flame (71)
Scrolls
 d - a scroll of amnesia
 e - 4 scrolls of teleportation
 i - a scroll of enchant weapon
 l - a scroll of magic mapping
 o - a scroll of silence
 v - 4 scrolls of fog
 E - 2 scrolls of holy word
 H - 4 scrolls of enchant armour {unknown}
Potions
 a - a potion of ambrosia
 f - 2 potions of resistance
 k - 12 potions of curing
 m - a potion of might
 p - 2 potions of heal wounds
 r - a potion of magic
 s - 2 potions of flight
 x - 3 potions of haste
 C - 2 potions of berserk rage
 D - 2 potions of brilliance


   Skills:
 + Level 7.6(12.6) Fighting
 - Level 1.9(6.9) Crossbows
 - Level 6.0(11.0) Throwing
 + Level 7.3(12.3) Dodging
 + Level 15.8(20.8) Unarmed Combat
 + Level 2.2 Spellcasting
 + Level 0.9 Conjurations
 - Level 4.0 Translocations
 - Level 4.0 Transmutations
 + Level 1.1 Fire Magic
 + Level 7.2 Invocations


You had 8 spell levels left.
You knew the following spells:

 Your Spells              Type           Power      Damage    Failure   Level
a - Apportation           Tloc           24%        N/A       4%          1
b - Beastly Appendage     Tmut           24%        N/A       4%          1
c - Blink                 Tloc           N/A        N/A       7%          2
d - Sticky Flame          Conj/Fire      4%         2d3       83%         4

Your spell library contained the following spells:

 Spells                   Type           Power      Damage    Failure   Level
 Wereblood                Tmut           12%        N/A       7%          2
 Lesser Beckoning         Tloc           6%         N/A       14%         3
 Magic Dart               Conj           16%        1d3       16%         1
 Static Discharge         Conj/Air       2%         N/A       28%         2
 Spider Form              Tmut/Pois      3%         N/A       30%         3
 Call Imp                 Summ           1%         N/A       34%         2
 Mephitic Cloud           Conj/Pois/Air  2%         N/A       52%         3
 Ice Form                 Ice/Tmut       7%         N/A       71%         4
 Manifold Assault         Tloc           12%        N/A       77%         5
 Hailstorm                Conj/Ice       2%         3d3       88%         4
 Airstrike                Air            0%         N/A       93%         4
 Dispel Undead            Necr           1%         3d6       93%         4
 Summon Lightning Spire   Summ/Air       1%         N/A       93%         4
 Alistair's Intoxication  Tmut/Pois      4%         N/A       96%         5
 Lightning Bolt           Conj/Air       1%         1d12      99%         5
 Invisibility             Hex            0%         N/A       100%        6
 Simulacrum               Ice/Necr       0%         N/A       100%        6


Dungeon Overview and Level Annotations

Branches:
Dungeon (9/15)             Temple (1/1) D:6            Lair (6/6) D:8
 Shoals (0/4) Lair:4        Snake (0/4) Lair:2      Ossuary (visited)
  Slime: Lair:5-6       Orc: D:9-12

Altars:
Ashenzari
Cheibriados
Dithmenos
Elyvilon
Fedhas
Gozag
Hepliaklqana
Kikubaaqudgha
Nemelex Xobeh
Okawaru
Qazlal
Ru
Sif Muna
Trog
Uskayaw
Vehumet
Wu Jian
Xom
Yredelemnul
The Shining One

Shops:
D:1 !   D:8 =

Annotations:
D:6 2 transporters
Lair:1 1 runed translucent door, hilljack's ghost, journeyman GrEE
Lair:2 2 transporters, rvierbuc's ghost, journeyman MiBe
Lair:4 1 runed translucent door, Fodaestre's ghost, journeyman GrFi


Innate Abilities, Weirdness & Mutations

You have temporarily grown beastly horns and talons.
You can breathe blasts of fire.
Your fiery red scales are hard. (AC +8)
You cannot fit into any form of body armour.
Your flesh is heat resistant. (rF+)
You are cold-blooded and may be slowed by cold attacks.


Message History

You hit the cane toad but do no damage. Your kick misses the cane toad.
You feel very sick. You block the cane toad's attack.
The water moccasin misses you.
You pummel the cane toad!! You claw the cane toad.
Your tail-slap misses the cane toad.
The cane toad is severely wounded.
You feel sick. The cane toad barely misses you.
You block the water moccasin's attack. The cane toad stings you!!
* * * LOW HITPOINT WARNING * * *
You are more poisoned.
The cane toad poisons you!
You closely miss the cane toad. Your kick misses the cane toad.
Your headbutt misses the cane toad.
The cane toad is severely wounded.
You feel very sick. The cane toad stings you!
* * * LOW HITPOINT WARNING * * *
You are more poisoned.
The cane toad poisons you!
The water moccasin bites you but does no damage.
The cane toad closely misses you.
You punch the cane toad!
The cane toad is almost dead.
* * * LOW HITPOINT WARNING * * *
You feel very sick. The cane toad closely misses you.
Unknown command.
You closely miss the cane toad. You claw the cane toad.
You kill the cane toad!
Okawaru accepts your kill.
* * * LOW HITPOINT WARNING * * *
You feel very sick. The water moccasin barely misses you.
You block the cane toad's attack.
Unknown command.
As you read the scroll of teleportation, it crumbles to dust.
You feel strangely unstable.
* * * LOW HITPOINT WARNING * * *
You feel extremely sick. The water moccasin closely misses you.
The cane toad stings you!
You die...

#### # #..# ##### #
######..###### #...########## #
#............# ###.......P.##..
###............###...........#P..
##.#...........#.##.............#
.##.............@F.#.............
................#S.........#.....
...............###.#.......##....
#######......### ##........###(.P
# ###......# #..P...+## ##.. #
##.#....### #.#.....# ##.
#.#..#..# ##...#### ## #....#.##
##..#.## #. ##....#### #......#
##


You could see a cane toad and a water moccasin.

Vanquished Creatures
  5 hydras
  An ugly thing (D:7)
  8 elephants
  5 black mambas
  17 cane toads
  4 rime drakes
  6 komodo dragons
  13 blink frogs
  A hornet (D:8)
  The ghost of ces the Covert, an amateur SpBr (D:4)
  14 yaks
  2 wraiths (Ossuary)
  3 basilisks
  3 wyverns
  Menkaure (D:7)
  4 nagas (Lair:2)
  16 water moccasins
  An orc warrior (D:8)
  A black bear (D:7)
  3 necrophages
  A sky beast (D:8)
  4 ice beasts
  11 wolves
  An ogre (D:5)
  2 centaurs
  A phantom (D:5)
  12 bullfrogs
  A kobold brigand (D:7)
  2 scorpions
  2 wyvern skeletons (D:7)
  2 water moccasin skeletons
  5 wights
  5 howler monkeys
  2 centaur zombies
  A jelly (D:4)
  2 centaur skeletons (D:7)
  A hound (D:4)
  7 orc priests
  A gnoll shaman (D:5)
  9 orc wizards
  An iguana (D:5)
  A hound skeleton (D:4)
  Robin (D:2)
  17 gnolls
  A howler monkey skeleton (D:5)
  10 adders
  A white imp (D:4)
  2 ufetubi (D:5)
  An adder zombie (Ossuary)
  2 worms
  2 dart slugs
  26 orcs
  11 ball pythons
  6 endoplasms
  5 giant cockroaches
  19 goblins
  6 hobgoblins
  12 jackals
  3 quokkas
  A ball python skeleton (Ossuary)
  8 bats
  5 frilled lizards
  A hobgoblin skeleton (Ossuary)
  A hobgoblin zombie (Ossuary)
  5 kobolds
  A kobold zombie (Ossuary)
  3 orc skeletons (Ossuary)
  An orc zombie (Ossuary)
  7 rats
341 creatures vanquished.

Vanquished Creatures (others)
  24 fungi
  32 plants
56 creatures vanquished.

Grand Total: 397 creatures vanquished

Notes
Turn   | Place    | Note
-------+----------+-------------------------------------------
     0 | D:1      | pkoi the Draconian Gladiator began the quest for the Orb.
     0 | D:1      | Reached XP level 1. HP: 17/17 MP: 1/1
    54 | D:1      | Found Ymoefoom's Distillery.
   212 | D:1      | Reached XP level 2. HP: 24/24 MP: 2/2
   405 | D:1      | Reached skill level 4 in Unarmed Combat
   474 | D:1      | Reached XP level 3. HP: 24/29 MP: 3/3
   577 | D:1      | Found a faded altar of an unknown god.
   577 | D:1      | Noticed a golden eye
   581 | D:1      | Noticed a floating eye
   581 | D:1      | Noticed a golden eye
   581 | D:1      | Noticed a shining eye
  1049 | D:2      | Learned a level 1 spell: Apportation
  1162 | D:2      | Reached XP level 4. HP: 36/36 MP: 4/4
  1181 | D:2      | Reached skill level 5 in Unarmed Combat
  1433 | D:2      | Noticed Robin
  1469 | D:2      | Killed Robin
  2050 | D:2      | Reached XP level 5. HP: 36/41 MP: 5/5
  2640 | D:3      | Found a snail-covered altar of Cheibriados.
  3074 | D:3      | Found an ornate altar of the Wu Jian Council.
  3394 | D:4      | Reached skill level 6 in Unarmed Combat
  3576 | D:4      | Noticed a centaur
  3579 | D:4      | Reached XP level 6. HP: 44/48 MP: 6/6
  3774 | D:4      | Found a basalt altar of Yredelemnul.
  3995 | D:4      | Found a blossoming altar of Fedhas.
  4028 | D:3      | Reached skill level 7 in Unarmed Combat
  4477 | D:4      | Found a large runed translucent door.
  4477 | D:4      | Found a large runed translucent door.
  4477 | D:4      | Noticed ces's ghost (amateur SpBr)
  4734 | D:5      | Entered Level 5 of the Dungeon
  4780 | D:5      | Your scales start taking on a fiery red colour.
  4780 | D:5      | Reached XP level 7. HP: 44/55 MP: 7/7
  4780 | D:5      | Gained mutation: Your flesh is heat resistant. (rF+) [Red
                  | Draconian growth]
  4783 | D:5      | Learned a level 1 spell: Beastly Appendage
  4937 | D:5      | Reached skill level 8 in Unarmed Combat
  5135 | D:5      | Found a sand-covered staircase.
  5168 | Ossuary  | Entered an ossuary
  5362 | Ossuary  | Noticed a wraith
  5362 | Ossuary  | Noticed a flying skull
  5369 | Ossuary  | Noticed a flying skull
  5397 | Ossuary  | Noticed a flying skull
  5398 | Ossuary  | Noticed a flying skull
  5617 | Ossuary  | Noticed a flying skull
  5624 | Ossuary  | Noticed a wraith
  5628 | Ossuary  | Killed a wraith
  5629 | Ossuary  | Reached skill level 9 in Unarmed Combat
  5675 | Ossuary  | Noticed a wraith
  5677 | Ossuary  | Killed a wraith
  5678 | Ossuary  | Reached XP level 8. HP: 61/61 MP: 8/8
  6178 | D:5      | Found a sparkling altar of Nemelex Xobeh.
  6222 | D:5      | Reached skill level 10 in Unarmed Combat
  6295 | D:5      | Found a shimmering altar of Xom.
  6361 | D:5      | Found a shimmering blue altar of Sif Muna.
  6364 | D:5      | Found a sacrificial altar of Ru.
  6511 | D:5      | Became a worshipper of Ru the Awakened
  6593 | D:1      | Bought a potion of degeneration for 11 gold pieces
  6597 | D:1      | Bought a potion of haste for 110 gold pieces
  6597 | D:1      | Bought a potion of curing for 33 gold pieces
  7325 | D:6      | Found a hazy altar of Hepliaklqana.
  7364 | D:6      | Found a transporter.
  7365 | D:6      | Noticed a kobold demonologist
  7393 | D:6      | Found a staircase to the Ecumenical Temple.
  7406 | Temple   | Entered the Ecumenical Temple
  7498 | Temple   | Fell from the grace of Ru
  7498 | Temple   | Became a worshipper of Warmaster Okawaru
  7798 | D:6      | Found a transporter.
  7882 | D:6      | Noticed a kobold demonologist
  8061 | D:7      | Noticed Menkaure
  8066 | D:7      | Killed Menkaure
  8067 | D:7      | Reached skill level 11 in Unarmed Combat
  8067 | D:7      | Reached skill level 1 in Spellcasting
  8067 | D:7      | Reached skill level 1 in Translocations
  8067 | D:7      | Reached skill level 1 in Transmutations
  8358 | D:7      | Reached XP level 9. HP: 67/67 MP: 9/11
  8371 | D:7      | Reached skill level 1 in Invocations
  8413 | D:6      | Reached * piety under Okawaru
  8818 | D:7      | Identified the -5 tower shield "Vall" {+Blink}
  8824 | D:7      | Reached skill level 1 in Crossbows
  8936 | D:7      | Noticed a green ugly thing
  8951 | D:7      | Killed a green ugly thing
  9354 | D:7      | Found an opulent altar of Gozag.
  9600 | D:7      | Reached ** piety under Okawaru
 10555 | D:8      | Found Ilocres's Jewellery Shoppe.
 10581 | D:8      | Reached XP level 10. HP: 73/73 MP: 11/13
 10587 | D:8      | Found a staircase to the Lair.
 10977 | D:8      | Reached skill level 12 in Unarmed Combat
 11555 | D:8      | Reached *** piety under Okawaru
 11974 | Lair:1   | Entered Level 1 of the Lair of Beasts
 11977 | Lair:1   | Noticed a cane toad
 11981 | Lair:1   | Killed a cane toad
 12100 | Lair:1   | Noticed a cane toad
 12108 | Lair:1   | Killed a cane toad
 12729 | Lair:1   | Reached **** piety under Okawaru
 13255 | Lair:1   | Found a runed translucent door.
 13255 | Lair:1   | Noticed hilljack's ghost (journeyman GrEE)
 13419 | Lair:2   | Found a transporter.
 13429 | Lair:2   | Noticed rvierbuc's ghost (journeyman MiBe)
 13429 | Lair:2   | Noticed an elephant
 13430 | Lair:2   | Noticed a four-headed hydra
 13489 | Lair:2   | Noticed a cane toad
 13493 | Lair:2   | Killed a cane toad
 13494 | Lair:2   | Reached skill level 13 in Unarmed Combat
 13802 | Lair:2   | Found a transporter.
 13823 | Lair:2   | Noticed a cane toad
 13840 | Lair:2   | Killed a cane toad
 13841 | Lair:2   | Reached skill level 5 in Throwing
 13926 | Lair:2   | Reached ***** piety under Okawaru
 14053 | Lair:2   | Noticed a cane toad
 14059 | Lair:2   | Killed a cane toad
 14435 | Lair:2   | Reached XP level 11. HP: 63/79 MP: 14/14
 15523 | Lair:2   | Found a staircase to the Snake Pit.
 15774 | Lair:2   | Reached skill level 14 in Unarmed Combat
 16027 | Lair:2   | Received a gift from Okawaru
 16836 | Lair:3   | Received a gift from Okawaru
 17526 | Lair:3   | Noticed a seven-headed hydra
 17614 | Lair:4   | Reached skill level 15 in Unarmed Combat
 17626 | Lair:4   | HP: 2/84 [rime drake (3)]
 17630 | Lair:4   | Reached skill level 5 in Dodging
 18239 | Lair:4   | Noticed a seven-headed hydra
 18259 | Lair:4   | Killed a seven-headed hydra
 18260 | Lair:4   | Reached XP level 12. HP: 62/93 MP: 12/15
 18448 | Lair:4   | Reached skill level 5 in Fighting
 18667 | Lair:3   | Killed a seven-headed hydra
 19203 | Lair:4   | Reached skill level 5 in Invocations
 19509 | Lair:4   | Identified the +0 kite shield of the Wasteland {rPois rN+
                  | rCorr} (Okawaru gifted it to you on level 4 of the Lair of
                  | Beasts)
 19509 | Lair:4   | Received a gift from Okawaru
 19906 | Lair:4   | Found a staircase to the Shoals.
 20381 | Lair:4   | Found a runed translucent door.
 20382 | Lair:4   | Noticed Fodaestre's ghost (journeyman GrFi)
 20531 | Lair:5   | Noticed a six-headed hydra
 20970 | Lair:5   | Noticed a seven-headed hydra
 21001 | Lair:4   | Reached ****** piety under Okawaru
 21028 | Lair:5   | Killed a six-headed hydra
 21241 | Lair:5   | Noticed a seven-headed hydra
 21245 | Lair:5   | Killed a seven-headed hydra
 21535 | Lair:5   | Killed a seven-headed hydra
 22029 | D:4      | Killed ces's ghost
 22480 | Lair:5   | Learned a level 2 spell: Blink
 22485 | Lair:5   | Learned a level 4 spell: Sticky Flame
 22538 | Lair:5   | Reached XP level 13. HP: 64/105 MP: 18/18
 23105 | Lair:6   | Entered Level 6 of the Lair of Beasts
 23201 | Lair:6   | Identified the +0 hat "Enkuan" {Harm rN+ Int+2} (Okawaru
                  | gifted it to you on level 6 of the Lair of Beasts)
 23201 | Lair:6   | Received a gift from Okawaru
 23202 | Lair:6   | Reached skill level 1 in Fire Magic
 23218 | Lair:5   | Mangled by a cane toad

Illustrated notes

Levels and vault maps discovered:
D:1:      dpeg_arrival_prison, layout_rooms, serial_shops,
          nicolae_shop_behind_doors, hellmonk_ecumenical_altar_watching_god,
          minmay_misc_feat_encased
D:2:      layout_rooms, minmay_small_reverse_x, uniq_robin
D:3:      layout_loops_corners, nicolae_wu_jian_immortal_techniques,
          slow_altar_2, minmay_quadrilaterals
D:4:      layout_basic, mainiacjoe_overflow_chevrons, lemuel_tele_altar,
          ebering_ghost_disaster_area
D:5:      layout_rooms, nemelex_altar_shiori, grunt_temple_overflow_open,
          nicolae_ossuary_entry_ruins
D:6:      gammafunk_wand_slinger, layout_rooms,
          nicolae_hepliaklqana_hazy_memory, minmay_temple_entry_waves
D:7:      cheibrodos_barr_body, layout_gridville,
          nicolae_gozag_cash_rules_everything_around_me, uniq_menkaure
D:8:      layout_loops_cross, dpeg_oklobed_lair, minmay_hedge_maze,
          nicolae_wooded_promenade
D:9:      layout_loops_cross, david_orc_2, nicolae_lava_and_water,
          nrook_mini_backslash, minmay_evil_grid
Temple:   zaba_magenta_temple
Lair:1:   layout_regular_city, gammafunk_ghost_grave, lemuel_fruit_fields,
          infiniplex_staircase_pool_2
Lair:2:   layout_cave_pods, minmay_snake_entry_guardpost_medium,
          gammafunk_ghost_arena
Lair:3:   layout_long_grid, gauntlet_entry_generic, serial_bayou_pond_a,
          grunt_megastairs_4
Lair:4:   layout_gridlike, shoals_dummy_entry, ebering_ghost_inner_flame,
          serial_bayou_shore_b, grunt_megastairs_1
Lair:5:   layout_roguey
Lair:6:   due_jungle_book, layout_cave_shapes, minmay_slime_entry_jelly_boxes,
          gammafunk_lair_bear_cave

Skill      XL: |  1  2  3  4  5  6  7  8  9 10 11 12 13 |
---------------+----------------------------------------+-----
Unarmed Combat | 4 5 6 7 9 11 13 15 | 15.8
Dodging        | 3 4 5 7 |  7.3
Spellcasting   | 1 2 |  2.2
Translocations | 1 3 4 |  4.0
Transmutations | 1 3 4 |  4.0
Invocations    | 3 4 7 |  7.2
Crossbows      | 1 |  1.9
Throwing       | 2 5 6 |  6.0
Fighting       | 4 7 |  7.6
Fire Magic     | 1 |  1.1
Conjurations   | |  0.9

Action                   |  1- 3 |  4- 6 |  7- 9 | 10-12 | 13-15 || total
-------------------------+-------+-------+-------+-------+-------++-------
Melee: Unarmed           |   148 |     6 |   251 |   410 |     7 ||   822
       Tailslap          |    17 |    23 |    46 |    61 |     5 ||   152
       Punch             |     1 |     7 |    18 |    34 |     1 ||    61
       Short sword       |     7 |   192 |    52 |    88 |    38 ||   377
       Kick              |       |       |       |     1 |     2 ||     3
       Headbutt          |       |       |       |     1 |       ||     1
 Cast: Beastly Appendage |       |       |     1 |     2 |     1 ||     4
Invok: Heroism           |       |       |     1 |     5 |     1 ||     7
 Abil: Breathe Fire      |       |       |    14 |    66 |     1 ||    81
  Use: Scroll            |       |    12 |     5 |     8 |     1 ||    26
       Potion            |       |       |     4 |     1 |       ||     5
 Stab: Distracted        |     1 |     1 |       |       |       ||     2
       Sleeping          |       |     2 |     1 |       |       ||     3
Armor: Skin              |    60 |    82 |    95 |   193 |    24 ||   454
Dodge: Dodged            |    89 |   133 |   175 |   337 |    36 ||   770
Block: Other             |       |       |    29 |   131 |    11 ||   171
       Reflection        |       |       |       |     1 |       ||     1
